 Dungeon Crawl Stone Soup version 0.28.0-43-g3370ac3207 (webtiles) character file.

Game seed: 6846472642162186153

12736 pkoi the Zephyrmancer (level 11, -1/89 HPs)
             Began as a Demigod Air Elementalist on Apr 1, 2022.
             Killed from afar by a gargoyle (14 damage)
             ... with a stone arrow
             ... in a volcano on Apr 2, 2022.
             The game lasted 00:31:12 (20904 turns).

pkoi the Zephyrmancer (Demigod Air Elementalist)   Turns: 20904, Time: 00:31:12

Health: -1/89      AC:  5    Str: 15    XL:     11   Next: 39%
Magic:  7/23       EV: 15    Int: 35    God:
Gold:   445        SH:  0    Dex: 14    Spells: 8/21 levels left

rFire   + . .      SeeInvis .   f - +3 dagger (venom)
rCold   . . .      Faith    .   (no shield)
rNeg    . . .      Spirit   .   y - +0 robe {rF+}
rPois   .          Reflect  .   (no helmet)
rElec   .          Harm     .   (no cloak)
rCorr   .          Rampage  .   D - +1 pair of gloves {Stlth+}
Will    +....                   w - +0 pair of boots
Stlth   +++.......              F - amulet of regeneration
HPRegen 1.04/turn               m - +6 ring of strength
MPRegen 0.18/turn               E - +6 ring of intelligence

@: no status effects
A: high MP 1, forlorn, divine attributes
a: no special abilities


You were in a volcano.
You visited 2 branches of the dungeon, and saw 11 of its levels.
You also visited: Volcano.

You collected 445 gold pieces.

Inventory:

Hand Weapons
 c - a +2 dagger of speed
 f - a +3 dagger of venom (weapon)
Missiles
 h - 4 boomerangs of dispersal
 i - 5 throwing nets
 l - 5 curare-tipped darts
Armour
 t - a +2 buckler of protection
 w - a +0 pair of boots (worn)
 y - a +0 robe of fire resistance (worn)
 D - a +1 pair of gloves of stealth (worn)
Magical Staves
 j - a staff of fire
Jewellery
 a - a ring of poison resistance
 m - a +6 ring of strength (left hand)
 p - a ring of ice
 E - a +6 ring of intelligence (right hand)
 F - an amulet of regeneration (around neck)
Wands
 b - a wand of flame (12)
 o - a wand of iceblast (29)
 B - a wand of digging (6)
Scrolls
 e - a scroll of blinking
 n - 2 scrolls of enchant armour {unknown}
 q - a scroll of holy word
 s - a scroll of acquirement
 v - 8 scrolls of identify
 A - a scroll of fog
 C - a scroll of amnesia {unknown}
Potions
 d - a potion of magic
 g - 3 potions of curing
 r - 4 potions of heal wounds
 u - a potion of brilliance
 x - 2 potions of invisibility {unknown}
 z - a potion of cancellation {unknown}


   Skills:
 + Level 6.1 Fighting
 + Level 6.5 Dodging
 - Level 1.7 Stealth
 + Level 6.1 Unarmed Combat
 + Level 5.9 Spellcasting
 - Level 3.0 Conjurations
 - Level 3.0 Translocations
 * Level 11.5 Air Magic


You had 8 spell levels left.
You knew the following spells:

 Your Spells              Type           Power      Damage    Failure   Level
a - Shock                 Conj/Air       100%       1d9       1%          1
b - Static Discharge      Conj/Air       57%        N/A       1%          2
c - Airstrike             Air            37%        N/A       1%          4
d - Blink                 Tloc           62%        N/A       1%          2
e - Apportation           Tloc           62%        N/A       1%          1
f - Swiftness             Air            74%        N/A       1%          3

Your spell library contained the following spells:

 Spells                   Type           Power      Damage    Failure   Level
 Animate Skeleton         Necr           20%        N/A       3%          1
 Summon Small Mammal      Summ           40%        N/A       3%          1
 Lesser Beckoning         Tloc           31%        N/A       3%          3
 Passage of Golubria      Tloc           31%        N/A       11%         4
 Inner Flame              Hex/Fire       10%        N/A       12%         3
 Tukima's Dance           Hex            10%        N/A       12%         3
 Conjure Ball Lightning   Conj/Air       28%        3x3d8     28%         6
 Iskenderun's Battlesphe  Conj           31%        2d8       30%         5
 Manifold Assault         Tloc           31%        N/A       30%         5
 Fireball                 Conj/Fire      10%        3d6       50%         5
 Yara's Violent Unravell  Hex/Tmut       5%         3d4       71%         5
 Orb of Destruction       Conj           15%        9d7       100%        7
 Ozocubu's Refrigeration  Ice            5%         4d6       100%        7


Dungeon Overview and Level Annotations

Branches:
Dungeon (10/15)            Temple (0/1) D:5            Lair (1/6) D:10
    Orc (0/2) D:9         Volcano (1/1)

Shops:
D:7 =   D:9 *(

Annotations:
D:2 exclusion: door
D:7 2 transporters, themarg's ghost, novice TeCj


Innate Abilities, Weirdness & Mutations

You have an increased reservoir of magic. (+10% MP)
You shall have no god before yourself.
Your divine heritage dramatically boosts your attributes as you level up.


Message History

Aim: a red ugly thing (lightly wounded, empty space bonus: 4/8)
The air twists around and strikes the red ugly thing.
The red ugly thing is lightly wounded.
The red ugly thing tentacle-slaps you!
* * * LOW HITPOINT WARNING * * *
You are engulfed in flames!
You resist.
* * * LOW HITPOINT WARNING * * *
Aiming: Airstrike (safe; 1% risk of failure)
Press: ? - help, Q - select action, (/) - cycle Dir - move target, f/p - red ugly thing
Aim: a red ugly thing (lightly wounded, empty space bonus: 4/8)
The air twists around and strikes the red ugly thing!
The red ugly thing is moderately wounded.
The red ugly thing tentacle-slaps you.
* * * LOW HITPOINT WARNING * * *
You are engulfed in flames!
You resist.
* * * LOW HITPOINT WARNING * * *
Casting: Airstrike (safe; 1% risk of failure)
Confirm with . or Enter, or press ? or * to list all spells.
The red ugly thing is struck by an arc of lightning!
The red ugly thing is heavily wounded.
The lightning grounds out.
The red ugly thing tentacle-slaps you.
* * * LOW HITPOINT WARNING * * *
You are engulfed in flames!
You resist.
* * * LOW HITPOINT WARNING * * *
Aiming: Airstrike (safe; 1% risk of failure)
Press: ? - help, Q - select action, (/) - cycle Dir - move target, f/p - red ugly thing
Aim: a red ugly thing (heavily wounded, empty space bonus: 4/8)
The air twists around and strikes the red ugly thing!
The red ugly thing is severely wounded.
The red ugly thing tentacle-slaps you!
* * * LOW HITPOINT WARNING * * *
You are engulfed in flames!
You resist.
* * * LOW HITPOINT WARNING * * *
The gargoyle hits you with a +0 morningstar!
* * * LOW HITPOINT WARNING * * *
Okay, then.
Unknown command.
The gargoyle hurls a stone arrow at you.
The stone arrow hits you!
You die...

...§≈§≈≈≈≈§§≈≈§≈≈§§§§≈§§≈≈§≈≈§≈≈§
...§§≈≈§≈§≈§≈§≈§§≈≈§§≈§≈≈≈§≈≈§≈≈≈
.≈≈§≈≈≈≈§≈≈§≈≈≈≈≈≈≈§§§≈≈≈§≈≈§§≈≈≈
≈§≈≈≈≈≈≈≈≈§≈≈§≈§§≈§§≈§§§§≈≈≈≈§≈≈≈
≈§≈§≈≈§≈§§≈≈§≈§§§≈≈≈§§≈≈≈≈§≈≈≈≈≈§
§≈≈≈§≈§§≈§§.≈§§§≈..≈≈≈§...≈≈.§§≈≈
§§≈§≈§≈§§≈..§...............§§§§§
≈§≈§≈§§≈≈≈.#################§≈§≈§
§≈≈§≈§§§≈..#....@)....'....#..≈≈≈
§≈≈§≈§§≈§§.#.∩9u#.8_8.#..∩.#.≈§≈≈
≈≈≈≈§≈≈§§§.#....#.....#....#..≈≈≈
≈§§≈§§§≈≈≈.###''###'###''###..§≈≈
≈§≈§≈§≈≈≈..#......#.#......#.≈≈§≈
≈≈≈§≈§§§§§.######.#.#.######..§§≈
≈≈≈§§≈≈§§..#.9[[#.#.# #.≈§§§
≈≈≈§≈≈≈≈§§.#.$!$#.#.# #..≈.§
≈≈≈≈§≈≈§≈..#..()#.#.# #...≈§


You could see a red ugly thing and a gargoyle.

Vanquished Creatures
  A boulder beetle (D:9)
  4 two-headed ogres
  An ugly thing (Volcano)
  An oklob plant (D:10)
  An orc sorcerer (Volcano)
  A black mamba (Lair:1)
  A smoke demon (Volcano)
  A komodo dragon (Lair:1)
  3 trolls
  A red devil (Volcano)
  A wyvern (D:8)
  5 yaks (D:10)
  A shadow (D:5)
  2 wraiths
  A basilisk (D:7)
  2 fire bats (Volcano)
  2 water moccasins (Lair:1)
  A hell hound (Volcano)
  5 orc warriors
  A cane toad zombie (D:9)
  3 ice beasts
  A hornet zombie (D:6)
  2 black bears
  4 ogres
  A necrophage (D:6)
  A sky beast (D:4)
  2 centaurs
  4 kobold brigands
  A gnoll sergeant (D:7)
  3 scorpions
  4 bullfrogs
  A water moccasin skeleton (D:4)
  5 killer bees (D:9)
  4 wights
  An electric eel (D:9)
  5 howler monkeys
  A bullfrog zombie (D:6)
  4 centaur zombies
  2 jellies (D:6)
  3 lava snakes (Volcano)
  5 orc priests
  2 bullfrog skeletons (D:6)
  2 centaur skeletons (D:6)
  A gnoll shaman (D:10)
  2 hounds
  Ijyb (D:5)
  Jessica (D:3)
  2 iguanas
  12 orc wizards
  2 killer bee zombies (D:8)
  3 hound skeletons
  17 gnolls
  A howler monkey skeleton (D:4)
  8 adders
  A white imp (D:7)
  A worm (D:4)
  2 dart slugs
  40 orcs
  7 endoplasms
  3 giant cockroaches
  5 goblins
  10 hobgoblins
  9 jackals
  3 quokkas
  8 ball pythons
  6 bats
  3 frilled lizards (D:1)
  35 kobolds
  3 rats (D:1)
283 creatures vanquished.

Vanquished Creatures (collateral kills)
  An ice beast (D:5)
1 creature vanquished.

Vanquished Creatures (others)
  A fungus (Lair:1)
  56 plants
  8 toadstools (D:2)
65 creatures vanquished.

Grand Total: 349 creatures vanquished

Notes
Turn   | Place    | Note
-------+----------+-------------------------------------------
     0 | D:1      | pkoi the Demigod Air Elementalist began the quest for the
                  | Orb.
     0 | D:1      | Reached XP level 1. HP: 14/14 MP: 5/5
    80 | D:1      | Reached skill level 3 in Air Magic
   180 | D:1      | Got the Almanac of the Icy Volcanoes
   479 | D:1      | Reached XP level 2. HP: 20/20 MP: 5/7
  1230 | D:2      | Reached XP level 3. HP: 17/26 MP: 0/8
  1457 | D:2      | Reached skill level 4 in Air Magic
  2525 | D:2      | Reached XP level 4. HP: 32/33 MP: 5/9
  3036 | D:3      | Reached skill level 5 in Air Magic
  3688 | D:3      | Noticed Jessica
  3690 | D:3      | Killed Jessica
  3691 | D:3      | Reached XP level 5. HP: 38/38 MP: 7/10
  4324 | D:4      | Noticed a sky beast
  4340 | D:4      | Killed a sky beast
  4341 | D:4      | Reached skill level 6 in Air Magic
  4443 | D:4      | Reached XP level 6. HP: 45/45 MP: 1/11
  4742 | D:4      | Reached skill level 7 in Air Magic
  4906 | D:4      | Learned a level 2 spell: Static Discharge
  4911 | D:4      | Learned a level 4 spell: Airstrike
  5634 | D:5      | Entered Level 5 of the Dungeon
  5736 | D:5      | Reached XP level 7. HP: 51/51 MP: 2/13
  5981 | D:5      | Noticed a shadow
  5983 | D:5      | Killed a shadow
  5984 | D:5      | Reached skill level 1 in Fighting
  5984 | D:5      | Reached skill level 1 in Unarmed Combat
  6987 | D:4      | Learned a level 2 spell: Blink
  7036 | D:5      | Reached skill level 1 in Conjurations
  7036 | D:5      | Reached skill level 8 in Air Magic
  7059 | D:5      | Learned a level 1 spell: Apportation
  7079 | D:5      | Reached XP level 8. HP: 61/61 MP: 2/15
  7169 | D:5      | Noticed Ijyb
  7172 | D:5      | Killed Ijyb
  7357 | D:5      | Reached skill level 1 in Translocations
  7601 | D:5      | Noticed a troll
  7875 | D:5      | Found a staircase to the Ecumenical Temple.
  7892 | D:5      | Killed a troll
  8916 | D:6      | Noticed a troll
  9006 | D:6      | Identified a scroll of acquirement
  9253 | D:6      | Reached XP level 9. HP: 56/70 MP: 8/17
  9472 | D:6      | Reached skill level 9 in Air Magic
  9974 | D:7      | Found Lienlun's Jewellery Shop.
 10782 | D:7      | Found a transporter.
 10790 | D:7      | Noticed a moth of wrath
 10808 | D:7      | Noticed themarg's ghost (novice TeCj)
 11042 | D:7      | Found a transporter.
 11613 | D:8      | Noticed a two-headed ogre
 11983 | D:7      | Learned a level 3 spell: Swiftness
 12367 | D:7      | Found a transporter.
 12393 | D:7      | Found Lienlun's Jewellery Shop.
 12563 | D:7      | Found a transporter.
 13544 | D:8      | Killed a two-headed ogre
 14043 | D:8      | Reached XP level 10. HP: 79/79 MP: 2/20
 15024 | D:9      | Noticed a two-headed ogre
 15031 | D:9      | Killed a two-headed ogre
 15032 | D:9      | Reached skill level 5 in Dodging
 15032 | D:9      | Reached skill level 10 in Air Magic
 15032 | D:9      | Found Xoariw's Antique Weapon Shop.
 15366 | D:9      | Noticed a boulder beetle
 15483 | D:9      | Killed a boulder beetle
 15484 | D:9      | Reached skill level 5 in Unarmed Combat
 15662 | D:9      | Reached skill level 5 in Fighting
 15662 | D:9      | Reached skill level 5 in Spellcasting
 16517 | D:9      | Found Piexitow's Gadget Gallery.
 17044 | D:9      | Found a staircase to the Orcish Mines.
 17295 | D:10     | Entered Level 10 of the Dungeon
 17359 | D:10     | Noticed a two-headed ogre
 17368 | D:10     | Killed a two-headed ogre
 17531 | D:10     | Noticed a two-headed ogre
 17946 | D:10     | Killed a two-headed ogre
 18554 | D:10     | Noticed an oklob plant
 18572 | D:10     | Reached XP level 11. HP: 88/88 MP: 14/23
 18715 | D:10     | Found a staircase to the Lair.
 18720 | D:10     | Reached skill level 11 in Air Magic
 19287 | Lair:1   | Entered Level 1 of the Lair of Beasts
 19736 | Lair:1   | Found a dark tunnel.
 19741 | Volcano  | Entered a volcano
 20904 | Volcano  | Killed from afar by a gargoyle

Illustrated notes

Levels and vault maps discovered:
D:1:      elethiomel_arrival_quiet, layout_basic
D:2:      cheibrodos_fertilizer, layout_basic,
          shapermc_ecumenical_altar_starsandcircs, grunt_ministairs_15
D:3:      layout_rooms, kennysheep_generic_room_12, uniq_jessica
D:4:      layout_rooms, kennysheep_mini
D:5:      layout_cave_pools, minmay_temple_entry_junction_2, uniq_ijyb
D:6:      layout_rooms
D:7:      layout_basic, gammafunk_ghost_wrathful_warriors, serial_shops,
          nicolae_shop_window_shopping
D:8:      layout_cave_pools, lightli_ossuary_entry_decrepit_ruins
D:9:      layout_cave_pools, nicolae_wu_jian_wuxing_cycle, erik_orc_2,
          nicolae_stop_n_shop_2, nicolae_shop_gadgets
D:10:     layout_basic, dpeg_oklobed_lair
Lair:1:   layout_regular_city, nicolae_volcano_entry_s_turn, serial_forest,
          infiniplex_forest_straight_2, infiniplex_forest_lined_3,
          infiniplex_forest_end_2, infiniplex_forest_clump_long,
          infiniplex_forest_clump_tiny, infiniplex_forest_side_room,
          infiniplex_forest_corner_1, infiniplex_forest_split, uniq_nergalle
Volcano:  volcano_lake [vl_original]

Skill      XL: |  1  2  3  4  5  6  7  8  9 10 11 |
---------------+----------------------------------+-----
Air Magic      | 3 4 5 6 7 8 9 10 11 | 11.5
Dodging        | 2 3 4 5 6 |  6.5
Spellcasting   | 2 3 4 5 |  5.9
Fighting       | 2 3 4 5 6 |  6.1
Unarmed Combat | 2 3 4 5 6 |  6.1
Conjurations   | 1 2 3 |  3.0
Translocations | 2 3 |  3.0
Stealth        | |  1.7

Action                   |  1- 3 |  4- 6 |  7- 9 | 10-12 || total
-------------------------+-------+-------+-------+-------++-------
Melee: Dagger            |     5 |    69 |    28 |    21 ||   123
       Punch             |       |       |     2 |       ||     2
       Unarmed           |       |       |       |     6 ||     6
 Cast: Shock             |    89 |   125 |     5 |       ||   219
       Airstrike         |       |     6 |   171 |   174 ||   351
       Swiftness         |       |       |     1 |       ||     1
       Static Discharge  |       |       |       |     8 ||     8
  Use: Scroll            |     1 |     5 |     6 |     2 ||    14
       Potion            |       |       |     3 |       ||     3
 Stab: Distracted        |       |       |     1 |     1 ||     2
Armor: Robe              |     4 |    28 |    15 |     5 ||    52
Dodge: Dodged            |    27 |    67 |    48 |    48 ||   190
